 Dungeon Crawl Stone Soup version 0.31-a0-145-g046c7d2549 (webtiles) character file.

Game seed: 8179884928885829188

114 qw the Shooter (level 4, -1/40 HPs)
             Began as a Minotaur Hunter on June 7, 2023.
             Slain by a gnoll bouda
             ... wielding a +0 whip
              (11 damage)
             ... on level 4 of the Dungeon.
             The game lasted 00:00:49 (1859 turns).

qw the Shooter (Minotaur Hunter)                    Turns: 1859, Time: 00:00:50

Health: -1/40      AC:  6    Str: 15    XL:     4   Next: 66%
Magic:  3/3        EV: 11    Int:  6    God:
Gold:   174        SH:  5    Dex: 16    Spells: 3/3 levels left

rFire   . . .        Y - +1 shortbow
rCold   . . .        (shield currently unavailable)
rNeg    . . .        h - +0 ring mail
rPois   .            (helmet restricted)
rElec   .            (no cloak)
rCorr   .            (no gloves)
SInv    +            g - +0 pair of boots
Will    .....        k - amulet of reflection
Stlth   +            i - ring of see invisible
HPRegen 0.26/turn    (no ring)
MPRegen 0.08/turn

%: reflection
@: about to teleport, weakened
A: horns 2, retaliatory headbutt
a: no special abilities


You were on level 4 of the Dungeon.
You visited 1 branch of the dungeon, and saw 4 of its levels.

You collected 174 gold pieces.


Innate Abilities, Weirdness & Mutations

You have a pair of horns on your head.
You reflexively headbutt those who attack you in melee.


   Skills:
 + Level 3.7 Fighting
 - Level 6.0 Ranged Weapons
 - Level 1.2 Armour
 - Level 2.1 Dodging
 - Level 0.7 Stealth


You had 3 spell levels left.
You didn't know any spells.
Your spell library was empty.

Inventory:

Hand Weapons
 Y - a +1 shortbow (weapon)
Armour
 g - a +0 pair of boots (worn)
 h - a +0 ring mail (worn)
Jewellery
 b - a ring of see invisible
 i - a ring of see invisible (left hand)
 k - an amulet of reflection (around neck)
Scrolls
 e - a scroll of identify
Potions
 d - a potion of haste
 f - a potion of curing
 j - a potion of berserk rage {unknown}

Dungeon Overview and Level Annotations

Branches:
Dungeon (4/15)
 Temple: D:4-7

Altars:
Dithmenos

Annotations:
D:3 2 transporters, qw's ghost, amateur GrFi


Message History

The arrow hits the gnoll bouda but does no damage.
You shoot an arrow.
The arrow hits the gnoll bouda but does no damage.
The gnoll bouda barks out a call to the hunt!
You shoot an arrow.
The arrow hits the gnoll bouda but does no damage.
A gnoll comes into view. It is wielding a +0 flail.
The gnoll bouda hits you with a +0 whip.
The gnoll hits you but does no damage.
The gnoll bouda hits you with a +0 whip.
You shoot an arrow.
The arrow completely misses the gnoll bouda.
The gnoll hits you with a +0 club. The gnoll bouda barely misses you.
You furiously retaliate!
You headbutt the gnoll bouda. You shoot an arrow.
The arrow closely misses the gnoll bouda.
The gnoll hits you with a +0 club.
The gnoll bouda hits you with a +0 whip.
You shoot an arrow.
The arrow hits the gnoll bouda but does no damage.
The gnoll bouda is lightly wounded.
Your attacks no longer feel as feeble.
The gnoll hits you with a +0 club. The gnoll bouda closely misses you.
The gnoll closely misses you.
You shoot an arrow.
The arrow hits the gnoll bouda but does no damage.
The gnoll bouda is lightly wounded.
The gnoll bouda gazes fiercely through you!
You feel your attacks grow feeble.
The gnoll bouda hits you with a +0 whip!
A hound comes into view.
The gnoll hits you but does no damage.
1859 ||| READING scroll of teleportation.
As you read the scroll of teleportation, it crumbles to dust.
You feel strangely unstable.
The hound barks!
The gnoll is no longer moving quickly.
The hound stops to sniff the ground.
The gnoll bouda hits you with a +0 whip!
You die...

#.... #...# .
#...# ..
#...###..
#..[...#
####.#...#
#.##.(..#g..#
#......<@g..#
####.####g..#
.#.# .# # .#
.# h# .#


You could see a gnoll bouda, a hound and 2 gnolls.

Vanquished Creatures
  A gnoll (D:4)
  4 adders
  A worm (D:2)
  A dart slug (D:1)
  6 orcs (D:3)
  4 ball pythons
  5 bats
  7 endoplasms
  A giant cockroach (D:2)
  5 goblins
  3 hobgoblins (D:2)
  3 jackals (D:2)
  3 kobolds
  A quokka (D:1)
  2 frilled lizards
  8 rats
55 creatures vanquished.

Notes
Turn   | Place    | Note
-------+----------+-------------------------------------------
     0 | D:1      | qw the Minotaur Hunter began the quest for the Orb.
     0 | D:1      | Reached XP level 1. HP: 18/18 MP: 0/0
     0 | D:1      | 0 ||| qw: Version: 0.2-a-117-gc6b5c8b
     0 | D:1      | 0 ||| qw: Game counter: 2486
     0 | D:1      | 0 ||| qw: Always use a shield: true
     0 | D:1      | 0 ||| qw: God list: Okawaru
     0 | D:1      | 0 ||| qw: Allow faded altars: false
     0 | D:1      | 0 ||| qw: Do Orc after D:15 true
     0 | D:1      | 0 ||| qw: Do second Lair branch before Depths: true
     0 | D:1      | 0 ||| qw: Lair rune preference: random
     0 | D:1      | 0 ||| qw: Plans: Normal
     0 | D:1      | 0 ||| PLANNING D:1-11
   297 | D:1      | Reached XP level 2. HP: 25/25 MP: 1/1
   663 | D:1      | Reached skill level 5 in Ranged Weapons
   875 | D:1      | 875 ||| UPGRADING to ring of see invisible.
   876 | D:1      | 876 ||| READING 2 scrolls labelled GEKETOE DIXKULL.
   879 | D:1      | 879 ||| READING 2 scrolls labelled FAPNELL XARUPP.
   880 | D:1      | 880 ||| READING scroll labelled CIRHIB WACH.
   881 | D:1      | 881 ||| DROPPING scroll of butterflies.
   943 | D:2      | Reached skill level 3 in Fighting
   961 | D:2      | Reached XP level 3. HP: 31/31 MP: 2/2
  1001 | D:2      | Found a shadowy altar of Dithmenos.
  1361 | D:2      | 1361 ||| UPGRADING to +0 pair of boots.
  1366 | D:2      | 1366 ||| UPGRADING to amulet of reflection.
  1371 | D:2      | 1371 ||| READING scroll labelled FETWAIZAZU.
  1372 | D:2      | 1372 ||| READING scroll labelled ALEITO GUMMISCH.
  1373 | D:2      | 1373 ||| READING scroll labelled EGANLEE BIDITIGU.
  1374 | D:2      | 1374 ||| DRINKING 2 murky emerald potions.
  1375 | D:2      | 1375 ||| READING 3 scrolls of identify.
  1375 | D:2      | 1375 ||| IDENTIFYING yellow potion
  1376 | D:2      | 1376 ||| DROPPING potion of invisibility.
  1393 | D:3      | Found a transporter.
  1405 | D:3      | Reached XP level 4. HP: 38/38 MP: 3/3
  1409 | D:3      | Reached skill level 6 in Ranged Weapons
  1413 | D:3      | Noticed qw's ghost (amateur GrFi)
  1472 | D:3      | Found a transporter.
  1533 | D:3      | Reached skill level 1 in Armour
  1611 | D:3      | Found a faded altar of an unknown god.
  1813 | D:3      | 1813 ||| UPGRADING to +0 ring mail.
  1823 | D:3      | 1823 ||| DROPPING +0 leather armour.
  1824 | D:3      | 1824 ||| READING 2 scrolls of identify.
  1824 | D:3      | 1824 ||| IDENTIFYING green potion
  1858 | D:4      | HP: 10/40 [gnoll bouda/+0 whip (9)]
  1859 | D:4      | 1859 ||| READING scroll of teleportation.
  1859 | D:4      | Slain by a gnoll bouda

Levels and vault maps discovered:
D:1:      denvon_arrival_planthouse, layout_basic
D:2:      layout_rooms, basic_altar, minmay_misc_feat_iff,
          minmay_misc_feat_pillars
D:3:      layout_rooms, shapermc_ecumenical_altar_rom_forum,
          gammafunk_ghost_stat_death, serial_bayou_pond_b
D:4:      layout_loops_ring, gammafunk_ghost_gnarly_gnolls

Skill      XL: |  1  2  3  4 |
---------------+-------------+-----
Ranged Weapons | 5 6 |  6.0
Fighting       | 3 |  3.7
Armour         | 1 |  1.2
Dodging        | |  2.1
Stealth        | |  0.7

Action                     |  1- 3 |  4- 6 || total
---------------------------+-------+-------++-------
   Fire: Shortbow          |   131 |    56 ||   187
    Use: Scroll            |     7 |     2 ||     9
         Potion            |     1 |       ||     1
 Armour: Leather armour    |    13 |     2 ||    15
         Ring mail         |       |     2 ||     2
  Dodge: Dodged            |    36 |    11 ||    47
  Block: Other             |       |     1 ||     1

Table legend:
 A = Non-vault XP
 B = Vault XP
 C = Vault XP percentage of total XP
 D = Non-vault monster count
 E = Vault monster count
 F = Vault count percentage of total count
                 A         B        C        D         E       F
            +---------+---------+-------+---------+---------+-------
      Total |     157 |       6 |   3.7 |      52 |       3 |   5.5
            +---------+---------+-------+---------+---------+-------
        D:1 |      23 |       0 |   0.0 |      14 |       0 |   0.0
        D:2 |      68 |       0 |   0.0 |      23 |       0 |   0.0
        D:3 |      51 |       6 |  10.5 |      14 |       3 |  17.6
        D:4 |      15 |       0 |   0.0 |       1 |       0 |   0.0
            +---------+---------+-------+---------+---------+-------
